 Dungeon Crawl Stone Soup version 0.24.0-13-gcf9b3192b9 (webtiles) character file.

Game seed: 15950090078669936769, levelgen mode: deterministic

39585 Thantalas the Blocker (level 14, -7/111 HPs)
             Began as a Gnoll Fighter on Nov 7, 2019.
             Was a High Priest of Cheibriados.
             Mangled by a minotaur
             ... wielding a +0 bardiche
              (12 damage)
             ... in a Gauntlet.
             The game lasted 00:42:08 (14436 turns).

Thantalas the Blocker (Gnoll Fighter)              Turns: 14436, Time: 00:42:09

Health: -7/111     AC: 20    Str: 41    XL:     14   Next: 7%
Magic:  24/26      EV: 23    Int: 26    God:    Cheibriados [*****.]
Gold:   221        SH: 17    Dex: 31    Spells: 15/30 levels left

rFire    + + .     SeeInvis .   b - +5 long sword (vamp) {!w}
rCold    . . .     Gourm    .   c - +1 shield
rNeg     . . .     Faith    .   v - +0 chain mail {rF+}
rPois    +         Spirit   .   G - +1 hat {Int+3}
rElec    .         Reflect  .   w - +0 cloak
rCorr    .         Harm     .   F - +1 pair of gloves
MR       +....     NoTele   +   I - +2 pair of boots of the Assassin {Detection Stab+ Stlth++}
Stlth    +++++.....             e - amulet of regeneration
HPRegen  1.68/turn              i - ring of protection from fire
MPRegen  0.20/turn              y - ring of poison resistance

@: mighty, agile, regenerating (expiring), very slow
A: distributed training, fangs 1, strong nose
a: Bend Time, Temporal Distortion, Slouch, Step From Time, Renounce Religion


You were in a Gauntlet.
You worshipped Cheibriados.
Cheibriados was extremely pleased with you.
You were hungry.

You visited 3 branches of the dungeon, and saw 18 of its levels.
You also visited: Gauntlet.

You collected 1001 gold pieces.
You spent 780 gold pieces at shops.

Inventory:

Hand Weapons
 a - the +6 flail "Riquiceb" {flame, rElec rF+ Str-4 Dex+4}
   (You found it on level 1 of the Lair of Beasts)

   It has been specially enchanted to burn those struck by it, causing extra
   injury to most foes and up to half again as much damage against particularly
   susceptible opponents.
   It affects your strength (-4).
   It affects your dexterity (+4).
   It protects you from fire.
   It insulates you from electricity.
 b - a +5 vampiric long sword (weapon) {!w}
   (You took it off a wight on level 8 of the Dungeon)
 J - the +3 war axe "Wyloof" {chop, MR+}
   (You found it on level 4 of the Lair of Beasts)

   It inflicts extra damage upon your enemies.
   It affects your resistance to hostile enchantments.
Missiles
 z - 3 silver javelins
 E - 6 javelins (quivered)
Armour
 c - a +1 shield (worn)
 r - +0 steam dragon scales
   (You found it in a Gauntlet)
 v - a +0 chain mail of fire resistance (worn)
   (You found it on level 2 of the Lair of Beasts)
 w - a +0 cloak (worn)
   (You found it on level 6 of the Dungeon)
 D - a +0 plate armour
   (You found it on level 6 of the Dungeon)
 F - a +1 pair of gloves (worn)
   (You found it on level 1 of the Lair of Beasts)
 G - a +1 hat of intelligence (worn)
   (You took it off Gastronok on level 2 of the Lair of Beasts)
 I - the +2 pair of boots of the Assassin (worn) {Detection Stab+ Stlth++}
   (You bought it in a shop on level 5 of the Dungeon)

   It makes you much more stealthy.
 N - a +0 pair of boots of running
   (You found it in a Gauntlet)
 Q - a scarf of cloud immunity
   (You found it in a Gauntlet)
Jewellery
 e - an amulet of regeneration (around neck)
   (You found it on level 1 of the Dungeon)
 i - a ring of protection from fire (left hand)
   (You found it on level 11 of the Dungeon)
 n - an uncursed ring of resist corrosion
   (You found it on level 2 of the Dungeon)
 y - a ring of poison resistance (right hand)
   (You found it on level 7 of the Dungeon)
 B - an uncursed ring of magical power
   (You found it on level 10 of the Dungeon)
 P - the amulet "Cuzos" {Faith MR++ Str-5}
   (You found it in a Gauntlet)

   [amulet of faith]

   It allows you to gain divine favour quickly.
   It affects your strength (-5).
   It affects your resistance to hostile enchantments.
Wands
 q - a wand of clouds (1)
   (You found it on level 6 of the Dungeon)
 t - a wand of flame (16)
   (You found it on level 6 of the Lair of Beasts)
 u - a wand of paralysis (14)
   (You found it on level 5 of the Dungeon)
 x - a wand of acid (5)
   (You found it on level 2 of the Lair of Beasts)
Scrolls
 g - 6 scrolls of remove curse {@r2}
 h - 3 scrolls of enchant armour
 j - 2 scrolls of blinking
 m - 15 scrolls of teleportation {@r4}
 H - a scroll of holy word
 L - a scroll of fear {unknown}
 M - 3 scrolls of enchant weapon
Potions
 d - 2 potions of might
 k - 4 potions of curing {@q1}
 o - a potion of ambrosia
 p - 3 potions of agility
 s - 3 potions of mutation {!q}
 A - a potion of magic
 C - a potion of brilliance
 K - a potion of cancellation
Miscellaneous
 l - a phantom mirror
 O - a lightning rod (4/4) {!a}
   (You found it in a Gauntlet)
Comestibles
 f - 28 rations {!d}


   Skills:
 + Level 10.8 Fighting
 + Level 8.7 Short Blades
 + Level 8.7 Long Blades
 + Level 8.7 Axes
 + Level 8.7 Maces & Flails
 + Level 9.8 Polearms
 + Level 8.7 Staves
 + Level 8.7 Slings
 + Level 8.7 Bows
 + Level 8.7 Crossbows
 + Level 8.7 Throwing
 + Level 10.8 Armour
 + Level 8.7 Dodging
 + Level 8.7 Stealth
 + Level 10.8 Shields
 + Level 8.7 Unarmed Combat
 + Level 8.7 Spellcasting
 + Level 7.2 Conjurations
 + Level 7.2 Hexes
 + Level 7.2 Charms
 + Level 7.2 Summonings
 + Level 7.2 Necromancy
 + Level 7.2 Translocations
 + Level 7.2 Transmutations
 + Level 7.2 Fire Magic
 + Level 7.2 Ice Magic
 + Level 7.2 Air Magic
 + Level 7.2 Earth Magic
 + Level 7.2 Poison Magic
 + Level 9.5 Invocations
 + Level 8.7 Evocations


You had 15 spell levels left.
You knew the following spells:

 Your Spells              Type           Power        Failure   Level  Hunger
b - Blink                 Tloc           N/A          1%          2    None
u - Spectral Weapon       Hex/Chrm       #####...     3%          3    None
A - Mephitic Cloud        Conj/Pois/Air  #####...     3%          3    None
B - Olgreb's Toxic Radia  Pois           #####...     12%         4    ##.....
K - Regeneration          Chrm/Necr      #####.....   3%          3    None

Your spell library contained the following spells:

 Spells                   Type           Power        Failure   Level  Hunger
 Freeze                   Ice            ####         1%          1    None
 Infusion                 Chrm           ####         1%          1    None
 Magic Dart               Conj           ####         1%          1    None
 Sting                    Conj/Pois      ####         1%          1    None
 Call Imp                 Summ           #####...     1%          2    None
 Poisonous Vapours        Pois/Air       #####.       1%          2    None
 Searing Ray              Conj           #####.       1%          2    None
 Shroud of Golubria       Chrm/Tloc      #####.       1%          2    None
 Slow                     Hex            #####...     1%          2    None
 Song of Slaying          Chrm           #####...     1%          2    None
 Throw Frost              Conj/Ice       #####.       1%          2    None
 Conjure Flame            Conj/Fire      #####...     3%          3    None
 Dazzling Spray           Conj/Hex       #####.       3%          3    None
 Ozocubu's Armour         Chrm/Ice       #####...     3%          3    None
 Force Lance              Conj/Tloc      #####...     12%         4    ##.....
 Fulminant Prism          Conj/Hex       #####.....   12%         4    ##.....
 Iskenderun's Mystic Bla  Conj           #####...     12%         4    ##.....
 Summon Ice Beast         Ice/Summ       #####...     12%         4    ##.....
 Throw Icicle             Conj/Ice       #####...     12%         4    ##.....
 Venom Bolt               Conj/Pois      #####.....   34%         5    ####...


Dungeon Overview and Level Annotations

Branches:
Dungeon (11/15)            Temple (1/1) D:5            Lair (6/6) D:11
 Shoals (0/4) Lair:2       Spider (0/4) Lair:4        Slime (0/5) Lair:5
    Orc (0/2) D:9         Gauntlet (1/1)

Altars:
Ashenzari
Cheibriados
Dithmenos
Elyvilon
Fedhas
Gozag
Hepliaklqana
Kikubaaqudgha
Makhleb
Nemelex Xobeh
Okawaru
Qazlal
Ru
Sif Muna
Trog
Uskayaw
Vehumet
Wu Jian
Xom
Yredelemnul
Zin
The Shining One

Shops:
D:4 !   D:5 [((}   D:8 (   D:10 :(!

Annotations:
Gauntlet 6 transporters


Innate Abilities, Weirdness & Mutations

Your experience applies equally to all skills.
You have very sharp teeth.
Your uncanny sense of smell can sniff out nearby items.


Message History

Aim: a minotaur, wielding a +0 bardiche and wearing a +3 ring mail of magic resistance You throw a javelin.
The javelin pierces through the minotaur!!
The minotaur throws a silver javelin.
The silver javelin pierces through you!!
Throwing (i - inventory. (/) - cycle)
E - 8 javelins (quivered)
Aim: a minotaur, wielding a +0 bardiche and wearing a +3 ring mail of magic resistance (moderately wounded)
You throw a javelin.
The javelin closely misses the minotaur.
The minotaur throws a silver javelin.
The silver javelin closely misses you.
Throwing (i - inventory. (/) - cycle)
E - 7 javelins (quivered)
Aim: a minotaur, wielding a +0 bardiche and wearing a +3 ring mail of magic resistance (moderately wounded)
You throw a javelin.
The javelin closely misses the minotaur.
The minotaur throws a silver javelin.
The silver javelin pierces through you!!
* * * LOW HITPOINT WARNING * * *
* * * LOW HITPOINT WARNING * * *
Your skin crawls.
The minotaur throws a silver javelin.
The silver javelin pierces through you!
* * * LOW HITPOINT WARNING * * *
* * * LOW HITPOINT WARNING * * *
Unknown command.
You feel better.
You feel better. You block the minotaur's attack.
The minotaur hits you from afar with a +0 bardiche!!!
* * * LOW HITPOINT WARNING * * *
You see here 2 silver javelins.
The minotaur hits you with a +0 bardiche.
* * * LOW HITPOINT WARNING * * *
You block the minotaur's attack. x3
Found a runed rapier and a shiny helmet.
You feel better.
You feel better.
Your skin is crawling a little less now.
The minotaur barely misses you. You block the minotaur's attack.
You slash the minotaur!
You feel better.
Your spectral weapon completely misses the minotaur.
The minotaur hits you with a +0 bardiche!!
* * * LOW HITPOINT WARNING * * *
You block the minotaur's attack.
You barely miss the minotaur.
Your spectral weapon hits the minotaur.
You hit the minotaur but do no damage.
You bite the minotaur, but do no damage.
Your spectral weapon fades away.
The minotaur hits you with a +0 bardiche!!
* * * LOW HITPOINT WARNING * * *
The minotaur gores you!
You die...

##§............≈∩§............≈##
###############################
#8# #≈...............≈# #8# ###
#8.8.8..©.©..8.8.8# ###
#≈...............≈#
###.#.#######.#.### #....#(...#.#
#.#.##.#(##.#.# #......@......#
#.#..##H##..#.# #.#..#8.8 ..#
#....#...#.... ###8.#8.8#.8###
####[.)#### #8.8# #(.[#


You could see a minotaur.

Vanquished Creatures
  Gastronok (Lair:2)
  6 hydras
  A tengu warrior (D:10)
  Erica (Lair:2)
  Nergalle (Lair:2)
  3 large abominations (Gauntlet)
  A lindwurm (Lair:5)
  A deep elf mage (D:11)
  An ugly thing (D:9)
  A cyclops (D:11)
  A manticore (D:11)
  11 elephants
  5 black mambas
  7 oklob plants
  An apocalypse crab (Gauntlet)
  7 spiny frogs
  7 komodo dragons
  A raiju (Gauntlet)
  5 blink frogs (Lair:5)
  4 dream sheep (Lair:4)
  6 hippogriffs
  A wraith (D:11)
  A wyvern (Lair:5)
  31 yaks
  A steam dragon (Gauntlet)
  A hungry ghost (D:9)
  A warg (D:9)
  10 water moccasins
  3 porcupines
  3 small abominations (Gauntlet)
  2 ice beasts (D:9)
  4 black bears
  6 orc warriors
  2 sky beasts
  4 ogres
  A phantom (D:8)
  12 wolves
  A centaur (D:9)
  A necrophage (D:9)
  14 crocodiles
  2 big kobolds (D:11)
  A gnoll sergeant (D:8)
  23 bullfrogs
  3 scorpions
  12 wights
  3 electric eels (D:10)
  2 howler monkeys
  2 crimson imps
  2 hounds
  3 bullfrog skeletons
  A jelly (D:6)
  19 orc wizards
  A gnoll shaman (D:7)
  12 orc priests
  4 iguanas
  8 worker ants
  2 hound zombies
  A hound skeleton (D:5)
  A howler monkey zombie (D:11)
  2 worker ant zombies
  10 gnolls
  7 adders
  2 shadow imps
  An ooze (D:4)
  An adder zombie (D:7)
  2 worms (D:2)
  2 dart slugs
  5 leopard geckos
  52 orcs
  5 bats
  7 giant cockroaches
  5 goblins
  6 hobgoblins
  13 jackals
  8 quokkas
  6 frilled lizards
  2 jackal skeletons
  18 kobolds
  2 leopard gecko skeletons
  8 rats
  2 plants (D:10)
439 creatures vanquished.

Vanquished Creatures (others)
  7 plants
  A spectral weapon (Lair:5)
8 creatures vanquished.

Grand Total: 447 creatures vanquished

Notes
Turn   | Place    | Note
-------+----------+-------------------------------------------
     0 | D:1      | Thantalas the Gnoll Fighter began the quest for the Orb.
     0 | D:1      | Reached XP level 1. HP: 23/23 MP: 1/1
    83 | D:1      | Reached XP level 2. HP: 27/29 MP: 2/2
   647 | D:2      | Reached XP level 3. HP: 22/35 MP: 3/3
   671 | D:2      | Reached skill level 1 in Invocations
   860 | D:2      | Reached skill level 1 in Short Blades
   860 | D:2      | Reached skill level 1 in Long Blades
   860 | D:2      | Reached skill level 1 in Axes
   860 | D:2      | Reached skill level 1 in Maces & Flails
   860 | D:2      | Reached skill level 1 in Staves
   860 | D:2      | Reached skill level 1 in Slings
   860 | D:2      | Reached skill level 1 in Bows
   860 | D:2      | Reached skill level 1 in Crossbows
   860 | D:2      | Reached skill level 1 in Throwing
   860 | D:2      | Reached skill level 1 in Dodging
   860 | D:2      | Reached skill level 1 in Stealth
   860 | D:2      | Reached skill level 1 in Unarmed Combat
   860 | D:2      | Reached skill level 1 in Spellcasting
   860 | D:2      | Reached skill level 1 in Evocations
   888 | D:2      | Reached XP level 4. HP: 41/41 MP: 5/5
  1037 | D:2      | Found a glowing silver altar of Zin.
  1044 | D:2      | Found a shattered altar of Ashenzari.
  1112 | D:3      | Found a blossoming altar of Fedhas.
  1237 | D:3      | Found an iron altar of Okawaru.
  1237 | D:3      | Found a burning altar of Makhleb.
  1299 | D:3      | Found a shadowy altar of Dithmenos.
  1554 | D:3      | Reached skill level 1 in Conjurations
  1554 | D:3      | Reached skill level 1 in Hexes
  1554 | D:3      | Reached skill level 1 in Charms
  1554 | D:3      | Reached skill level 1 in Summonings
  1554 | D:3      | Reached skill level 1 in Necromancy
  1554 | D:3      | Reached skill level 1 in Translocations
  1554 | D:3      | Reached skill level 1 in Transmutations
  1554 | D:3      | Reached skill level 1 in Fire Magic
  1554 | D:3      | Reached skill level 1 in Ice Magic
  1554 | D:3      | Reached skill level 1 in Air Magic
  1554 | D:3      | Reached skill level 1 in Earth Magic
  1554 | D:3      | Reached skill level 1 in Poison Magic
  1602 | D:3      | Reached XP level 5. HP: 47/47 MP: 5/7
  1914 | D:4      | Reached XP level 6. HP: 53/53 MP: 8/8
  1917 | D:4      | Found Uwitekh's Distillery.
  2083 | D:4      | Reached skill level 5 in Polearms
  2519 | D:5      | Entered Level 5 of the Dungeon
  2521 | D:5      | Found Xeywoes's Antique Weapon Emporium.
  2534 | D:5      | Reached XP level 7. HP: 58/59 MP: 10/10
  2851 | D:5      | Found Miesair's Armour Emporium.
  2936 | D:5      | Found Ziucvef's Antique Weapon Shoppe.
  3054 | D:5      | Found a staircase to the Ecumenical Temple.
  3067 | Temple   | Entered the Ecumenical Temple
  3171 | Temple   | Became a worshipper of Cheibriados the Contemplative
  3462 | D:5      | Found Wihiymy's Gadget Boutique.
  3819 | D:6      | Reached XP level 8. HP: 67/67 MP: 12/12
  4138 | D:6      | Reached * piety under Cheibriados
  4733 | D:7      | Reached XP level 9. HP: 72/72 MP: 14/14
  4853 | D:7      | Found a bloodstained altar of Trog.
  5147 | D:8      | Reached ** piety under Cheibriados
  5613 | D:8      | Reached *** piety under Cheibriados
  5613 | D:8      | Reached skill level 5 in Invocations
  5671 | D:8      | Found Duahy's Weapon Shop.
  6016 | D:8      | Reached XP level 10. HP: 80/80 MP: 17/17
  6519 | D:9      | Found a bloodstained altar of Trog.
  6554 | D:9      | Reached skill level 5 in Short Blades
  6554 | D:9      | Reached skill level 5 in Long Blades
  6554 | D:9      | Reached skill level 5 in Axes
  6554 | D:9      | Reached skill level 5 in Maces & Flails
  6554 | D:9      | Reached skill level 5 in Staves
  6554 | D:9      | Reached skill level 5 in Slings
  6554 | D:9      | Reached skill level 5 in Bows
  6554 | D:9      | Reached skill level 5 in Crossbows
  6554 | D:9      | Reached skill level 5 in Throwing
  6554 | D:9      | Reached skill level 5 in Dodging
  6554 | D:9      | Reached skill level 5 in Stealth
  6554 | D:9      | Reached skill level 5 in Unarmed Combat
  6554 | D:9      | Reached skill level 5 in Spellcasting
  6554 | D:9      | Reached skill level 5 in Evocations
  6589 | D:9      | Found a staircase to the Orcish Mines.
  6603 | D:9      | Reached **** piety under Cheibriados
  6761 | D:9      | Noticed a cyan ugly thing
  6771 | D:9      | Killed a cyan ugly thing
  7011 | D:10     | Entered Level 10 of the Dungeon
  7036 | D:10     | Found Visin's Antique Weapon Shoppe.
  7332 | D:10     | Found Jawua's Book Boutique.
  7489 | D:10     | Reached XP level 11. HP: 80/87 MP: 19/19
  7498 | D:10     | Reached ***** piety under Cheibriados
  7640 | D:10     | Noticed a tengu warrior
  7655 | D:10     | Killed a tengu warrior
  7655 | D:10     | Reached skill level 5 in Conjurations
  7655 | D:10     | Reached skill level 5 in Hexes
  7655 | D:10     | Reached skill level 5 in Charms
  7655 | D:10     | Reached skill level 5 in Summonings
  7655 | D:10     | Reached skill level 5 in Necromancy
  7655 | D:10     | Reached skill level 5 in Translocations
  7655 | D:10     | Reached skill level 5 in Transmutations
  7655 | D:10     | Reached skill level 5 in Fire Magic
  7655 | D:10     | Reached skill level 5 in Ice Magic
  7655 | D:10     | Reached skill level 5 in Air Magic
  7655 | D:10     | Reached skill level 5 in Earth Magic
  7655 | D:10     | Reached skill level 5 in Poison Magic
  7984 | D:10     | Found Tuaduth's Distillery.
  8180 | D:11     | Noticed a deep elf mage
  8191 | D:11     | Killed a deep elf mage
  8263 | D:11     | Noticed a cyclops
  8268 | D:11     | Killed a cyclops
  8270 | D:11     | Found a staircase to the Lair.
  8472 | D:11     | Noticed a manticore
  8475 | D:11     | Killed a manticore
  8680 | Lair:1   | Entered Level 1 of the Lair of Beasts
  8904 | Lair:1   | Got an iridescent flail
  8917 | Lair:1   | Identified the +6 flail "Riquiceb" {flame, rElec rF+ Str-4
                  | Dex+4} (You found it on level 1 of the Lair of Beasts)
  9313 | Lair:2   | Found a staircase to the Shoals.
  9412 | Lair:2   | Reached XP level 12. HP: 96/96 MP: 22/22
  9542 | Lair:2   | Noticed an eight-headed hydra
  9549 | Lair:2   | Killed an eight-headed hydra
  9591 | Lair:2   | Noticed Gastronok
  9596 | Lair:2   | Noticed Erica
  9600 | Lair:2   | Killed Gastronok
  9601 | Lair:2   | Killed Erica
  9601 | Lair:2   | Reached ****** piety under Cheibriados
  9718 | Lair:2   | Learned a level 2 spell: Blink
  9758 | Lair:2   | Noticed Nergalle
  9777 | Lair:2   | Killed Nergalle
  9828 | Lair:2   | Learned a level 3 spell: Mephitic Cloud
 10495 | Lair:3   | Reached skill level 10 in Fighting
 10495 | Lair:3   | Reached skill level 10 in Armour
 10495 | Lair:3   | Reached skill level 10 in Shields
 11391 | D:5      | Bought the +2 pair of boots of the Assassin {Detection
                  | Stab+ Stlth++} for 780 gold pieces
 11391 | D:5      | Found the +2 pair of boots of the Assassin {Detection Stab+
                  | Stlth++}
 11609 | Lair:4   | Noticed a seven-headed hydra
 11621 | Lair:4   | Reached XP level 13. HP: 77/103 MP: 20/24
 11848 | Lair:4   | Found a hole to the Spider Nest.
 12496 | Lair:4   | Got a crude war axe
 12510 | Lair:4   | Identified the +3 war axe "Wyloof" {chop, MR+} (You found
                  | it on level 4 of the Lair of Beasts)
 12744 | Lair:5   | Learned a level 3 spell: Regeneration
 12748 | Lair:5   | Learned a level 3 spell: Spectral Weapon
 12753 | Lair:5   | Learned a level 4 spell: Olgreb's Toxic Radiance
 13103 | Lair:5   | Found a staircase to the Slime Pits.
 13632 | Lair:6   | Entered Level 6 of the Lair of Beasts
 13688 | Lair:6   | Found a gate leading to a gauntlet.
 13722 | Gauntlet | Entered a Gauntlet
 13722 | Gauntlet | Found a transporter.
 13722 | Gauntlet | Found a transporter.
 13722 | Gauntlet | Found a transporter.
 13727 | Gauntlet | Found a transporter.
 13730 | Gauntlet | Found a transporter.
 13744 | Gauntlet | Found a transporter.
 13746 | Gauntlet | Found a transporter.
 13756 | Gauntlet | Found a transporter.
 13846 | Gauntlet | Found a transporter.
 13856 | Gauntlet | Found a transporter.
 13860 | Gauntlet | Found a transporter.
 13870 | Gauntlet | Found a transporter.
 14009 | Gauntlet | Reached XP level 14. HP: 111/111 MP: 26/26
 14161 | Gauntlet | Got a flickering brass amulet
 14164 | Gauntlet | Identified the amulet "Cuzos" {Faith MR++ Str-5} (You found
                  | it in a Gauntlet)
 14394 | Gauntlet | Identified a +0 pair of boots of running (You found it in a
                  | Gauntlet)
 14436 | Gauntlet | HP: 5/111 [minotaur/+0 bardiche (28)]
 14436 | Gauntlet | Mangled by a minotaur

Levels and vault maps discovered:
D:1:      dpeg_arrival_prison, layout_loops_cross
D:2:      layout_rooms, amethyst_overflow_temple_binary
D:3:      layout_loops_ring, fedhas_altar_3, grunt_dithmenos_smoke,
          gammafunk_temple_overflow_wave
D:4:      layout_loops_corners, serial_shops, nicolae_shop_crystal
D:5:      layout_basic, temple_green, first_ration, serial_shops,
          nicolae_shop_stone, kennysheep_mini_moat, shop, shop
D:6:      layout_cave_pools
D:7:      layout_gridville, trog_three_pillars_becter
D:8:      layout_basic, serial_shops, shop, serial_co_window_serial,
          co_window_corner_a, co_window_corner_a, co_window_of_opportunity_a,
          co_window_paths_a, co_window_corner_a, co_window_corner_a,
          co_window_of_opportunity_a, co_window_of_opportunity_c,
          co_window_corner_cb, co_window_broadway_c, co_window_corner_cb,
          co_window_corner_b, co_window_corner_b, co_window_broadway_c,
          glass_columns_b, glass_columns_a
D:9:      layout_loops_ring, trog_ov_bears_minmay, david_orc_3
D:10:     layout_cave_pods, serial_shops, shop_fountains,
          nicolae_shop_waterfront, shop, serial_bayou, serial_bayou_pond_e,
          serial_bayou_lagoon_a, serial_bayou_shore_b, serial_bayou_pond_c,
          grunt_tengu_nest, minmay_between
D:11:     layout_rooms, david_lair_shrubbed
Temple:   regret_index_temple_waves
Lair:1:   layout_hall_layers, minivault_25, beast_lair_carwin_11
Lair:2:   layout_gridlike, shoals_dummy_entry, chequers_serial_rivers_room_b,
          beast_lair_carwin_6, uniq_nergalle, uniq_erica, uniq_gastronok
Lair:3:   layout_cave_pods, chequers_serial_rivers_micro_c,
          eino_small_chamber_without_monster, beast_lair_carwin_3,
          lemuel_fruit_tree, serial_bayou_shore_b
Lair:4:   layout_cave_shapes, dummy_spider_entry, hangedman_lair_unloving_vines,
          minmay_lair_oklob_chamber
Lair:5:   layout_loops_ring, minmay_slime_entry_oklob_enclosed
Lair:6:   evilmike_catoblepas_cave, layout_gridlike, gauntlet_entry_generic
Gauntlet: gammafunk_gauntlet_hard_choice [gammafunk_gauntlet_arena_corners,
          nicolae_gauntlet_arena_quarters, nicolae_gauntlet_arena_x,
          nicolae_gauntlet_arena_grate_2, gammafunk_gauntlet_arena_open,
          gammafunk_gauntlet_arena_teeth,
          nicolae_gauntlet_exit_dead_adventurers]

Skill      XL: |  1  2  3  4  5  6  7  8  9 10 11 12 13 |
---------------+----------------------------------------+-----
Invocations    | 1 2 3 4 5 6 7 8 9 |  9.5
Short Blades   | 1 2 3 4 5 6 7 8 |  8.7
Long Blades    | 1 2 3 4 5 6 7 8 |  8.7
Axes           | 1 2 3 4 5 6 7 8 |  8.7
Maces & Flails | 1 2 3 4 5 6 7 8 |  8.7
Staves         | 1 2 3 4 5 6 7 8 |  8.7
Slings         | 1 2 3 4 5 6 7 8 |  8.7
Bows           | 1 2 3 4 5 6 7 8 |  8.7
Crossbows      | 1 2 3 4 5 6 7 8 |  8.7
Throwing       | 1 2 3 4 5 6 7 8 |  8.7
Dodging        | 1 2 3 4 5 6 7 8 |  8.7
Stealth        | 1 2 3 4 5 6 7 8 |  8.7
Unarmed Combat | 1 2 3 4 5 6 7 8 |  8.7
Spellcasting   | 1 2 3 4 5 6 7 8 |  8.7
Evocations     | 1 2 3 4 5 6 7 8 |  8.7
Conjurations   | 1 2 3 4 5 6 7 |  7.2
Hexes          | 1 2 3 4 5 6 7 |  7.2
Charms         | 1 2 3 4 5 6 7 |  7.2
Summonings     | 1 2 3 4 5 6 7 |  7.2
Necromancy     | 1 2 3 4 5 6 7 |  7.2
Translocations | 1 2 3 4 5 6 7 |  7.2
Transmutations | 1 2 3 4 5 6 7 |  7.2
Fire Magic     | 1 2 3 4 5 6 7 |  7.2
Ice Magic      | 1 2 3 4 5 6 7 |  7.2
Air Magic      | 1 2 3 4 5 6 7 |  7.2
Earth Magic    | 1 2 3 4 5 6 7 |  7.2
Poison Magic   | 1 2 3 4 5 6 7 |  7.2
Polearms       | 5 6 7 8 9 |  9.8
Fighting       | 7 8 9 10 | 10.8
Armour         | 7 8 9 10 | 10.8
Shields        | 7 8 9 10 | 10.8

Action                   |  1- 3 |  4- 6 |  7- 9 | 10-12 | 13-15 || total
-------------------------+-------+-------+-------+-------+-------++-------
Melee: Trident           |   132 |   177 |   155 |    18 |       ||   482
       Bite              |     7 |    11 |    77 |   125 |    73 ||   293
       Mace              |       |       |    59 |       |       ||    59
       Falchion          |       |       |   188 |     9 |       ||   197
       Long sword        |       |       |       |   490 |   194 ||   684
       Flail             |       |       |       |     9 |    40 ||    49
Throw: Javelin           |       |       |       |     3 |     3 ||     6
 Cast: Mephitic Cloud    |       |       |       |     3 |     1 ||     4
       Regeneration      |       |       |       |       |     6 ||     6
       Spectral Weapon   |       |       |       |       |     5 ||     5
       Olgreb's Toxic Ra |       |       |       |       |     2 ||     2
Evoke: Wand              |       |       |     1 |     8 |     5 ||    14
  Use: Scroll            |     7 |     2 |     7 |     9 |     8 ||    33
       Potion            |       |       |     3 |     2 |    14 ||    19
 Stab: Distracted        |       |     1 |       |       |       ||     1
       Confused          |       |       |     1 |     5 |     3 ||     9
       Paralysed         |       |       |       |     5 |     1 ||     6
       Sleeping          |       |       |       |       |     5 ||     5
       Invisible         |       |       |       |       |     4 ||     4
  Eat: Chunk             |       |     6 |     9 |     8 |     5 ||    28
       Ration            |       |       |       |     2 |       ||     2
Armor: Scale mail        |    38 |     4 |       |       |       ||    42
       Chain mail        |       |    42 |    42 |    19 |   106 ||   209
       Plate armour      |       |       |   141 |   207 |       ||   348
Dodge: Dodged            |    34 |    26 |    90 |   276 |   199 ||   625
Block: Shield            |    72 |    71 |   266 |   494 |   293 ||  1196
       Rpst.: Falchion   |       |       |    13 |       |       ||    13
       Long sword        |       |       |       |    63 |    26 ||    89
